[Event "1st Uppsala Festival 2022"]
[Site "Uppsala"]
[Date "2022.08.09"]
[Round "1.1"]
[White "Savitha Shri B"]
[Black "Sriram, Jha"]
[Result "1/2-1/2"]
[ECO "C77"]
[WhiteElo "2278"]
[BlackElo "2361"]
[Annotator "RC"]
[PlyCount "97"]
[EventDate "2022.08.09"]
[EventType "tourn"]
[EventCountry "SWE"]
[SourceTitle "playchess.com"]
[Source "ChessBase"]
[SourceQuality "1"]
[TimeControl "5400+30"]

1. e4 e5 2. Nf3 Nc6 3. Bb5 a6 4. Ba4 Nf6 5. d3 d6 6. c3 Be7 7. h3 O-O 8. Nbd2 b5 9. Bb3 Na5 10. Bc2 c5 11. Nf1 Nc6 12. Ng3 d5 13. Qe2 d4 14. O-O Re8 15. Bb3 Be6 16. Bxe6 fxe6 17. Nh2 dxc3 18. bxc3 b4 19. Bb2 bxc3 20. Bxc3 Nd4 21. Bxd4 Qxd4 22. Qc2 Rad8 23. Rfd1 Rb8 24. Nf3 Qd6 25. Rab1 Nd7 26. Rxb8 Rxb8 27. Rb1 Rb4 28. Nd2 Bh4 29. Ne2 Qb6 30. a3 Rxb1+ 31. Qxb1 Qxb1+ 32. Nxb1 Bg5 33. Nec3 Kf7 34. Kf1 Ke7 35. Ke2 Kd6 36. Nd2 Bxd2 37. Kxd2 Nb6 38. Nd1 c4 39. Nb2 cxd3 40. Kxd3 Kc5 41. Kc3 Nd7 42. Nd3+ Kb5 43. Kb3 a5 44. a4+ Kc6 45. Kc3 Kb6 46. Kc4 Kc6 47. Kc3 Kb6 48. Kc4 Kc6 49. Kc3 1/2-1/2

[Event "1st Uppsala Festival 2022"]
[Site "Uppsala"]
[Date "2022.08.09"]
[Round "1.2"]
[White "Sorensen, Hampus"]
[Black "Johansson, Jan"]
[Result "0-1"]
[ECO "C41"]
[WhiteElo "2376"]
[BlackElo "2306"]
[Annotator "RC"]
[PlyCount "66"]
[EventDate "2022.08.09"]
[EventType "tourn"]
[EventCountry "SWE"]
[SourceTitle "playchess.com"]
[Source "ChessBase"]
[SourceQuality "1"]
[TimeControl "5400+30"]

1. e4 e5 2. Nf3 d6 3. d4 exd4 4. Nxd4 Nf6 5. Nc3 Be7 6. g3 d5 7. e5 Ng4 8. Bf4 g5 9. e6 h5 10. f3 gxf4 11. fxg4 Bxe6 12. Nxe6 fxe6 13. Qd4 Bf6 14. Qxf4 Qe7 15. Bd3 Nc6 16. Bg6+ Kd7 17. O-O Raf8 18. Qa4 Bd4+ 19. Kh1 hxg4 20. Ne2 Qg7 21. Nxd4 Qxd4 22. Qxd4 Nxd4 23. Rxf8 Rxf8 24. Kg2 Kd6 25. Re1 e5 26. c3 Nf3 27. Rh1 e4 28. Bh5 Ne5 29. h3 gxh3+ 30. Kxh3 c5 31. g4 Nf3 32. Kg3 e3 33. g5 Nxg5 0-1

[Event "1st Uppsala Festival 2022"]
[Site "Uppsala"]
[Date "2022.08.09"]
[Round "1.4"]
[White "Lindberg, Bengt"]
[Black "Akesson, Ralf"]
[Result "1/2-1/2"]
[ECO "B15"]
[WhiteElo "2370"]
[BlackElo "2427"]
[Annotator "RC"]
[PlyCount "80"]
[EventDate "2022.08.09"]
[EventType "tourn"]
[EventCountry "SWE"]
[SourceTitle "playchess.com"]
[Source "ChessBase"]
[SourceQuality "1"]
[TimeControl "5400+30"]

1. e4 c6 2. d4 d5 3. Nc3 dxe4 4. Nxe4 Nf6 5. Nxf6+ exf6 6. Bc4 Bd6 7. Qe2+ Qe7 8. Qxe7+ Kxe7 9. Ne2 Be6 10. Bxe6 fxe6 11. Bf4 Nd7 12. O-O-O Rhe8 13. Bxd6+ Kxd6 14. Rhe1 Re7 15. Ng3 Rae8 16. b3 Kc7 17. Ne4 f5 18. Nc3 Nf6 19. f3 Nd5 20. Nxd5+ exd5 21. Rxe7+ Rxe7 22. Kd2 Kd6 23. Re1 Rxe1 24. Kxe1 f4 25. c3 b5 26. b4 Ke6 27. Ke2 Kf5 28. Kf2 g5 29. Kf1 h5 30. Kf2 h4 31. h3 Kf6 32. Kf1 Ke6 33. Ke1 Kd6 34. Kd2 Ke7 35. Ke1 Kf7 36. Kf2 Kg6 37. Ke2 Kf6 38. Kf2 Kf5 39. Ke2 Ke6 40. Kf2 Ke7 1/2-1/2

[Event "1st Uppsala Festival 2022"]
[Site "Uppsala"]
[Date "2022.08.09"]
[Round "1.5"]
[White "Stefansson, Vignir Vatnar"]
[Black "Trost, Edvin"]
[Result "1-0"]
[ECO "B22"]
[WhiteElo "2461"]
[BlackElo "2345"]
[Annotator "RC"]
[PlyCount "79"]
[EventDate "2022.08.09"]
[EventType "tourn"]
[EventCountry "SWE"]
[SourceTitle "playchess.com"]
[Source "ChessBase"]
[SourceQuality "1"]
[TimeControl "5400+30"]

1. e4 c5 2. c3 Nf6 3. e5 Nd5 4. Nf3 Nc6 5. Bc4 Nb6 6. Bb3 d5 7. exd6 Qxd6 8. O-O Be6 9. Bxe6 Qxe6 10. a4 Qd7 11. a5 Nd5 12. a6 b6 13. d4 e6 14. Ne5 Nxe5 15. dxe5 Be7 16. Qg4 g6 17. Nd2 O-O 18. Ne4 Rad8 19. Bh6 Rfe8 20. Qf3 c4 21. Rad1 Qc7 22. Qg3 Qc8 23. h4 f5 24. exf6 Nxf6 25. Qe5 Kf7 26. Ng5+ Kg8 27. Nxe6 Rxd1 28. Rxd1 Nh5 29. Ng7 Rd8 30. Rxd8+ Qxd8 31. Qe6+ Kh8 32. Nxh5 gxh5 33. g3 b5 34. Be3 Bf6 35. Bxa7 b4 36. Qxf6+ Qxf6 37. Bd4 Qxd4 38. cxd4 c3 39. bxc3 bxc3 40. a7 1-0

[Event "1st Uppsala Festival 2022"]
[Site "Uppsala"]
[Date "2022.08.09"]
[Round "2.1"]
[White "Sriram, Jha"]
[Black "Stefansson, Vignir Vatnar"]
[Result "0-1"]
[ECO "D36"]
[WhiteElo "2361"]
[BlackElo "2461"]
[Annotator "RC"]
[PlyCount "82"]
[EventDate "2022.08.09"]
[EventType "tourn"]
[EventCountry "SWE"]
[SourceTitle "playchess.com"]
[Source "ChessBase"]
[SourceQuality "1"]
[TimeControl "5400+30"]

1. d4 Nf6 2. c4 e6 3. Nc3 d5 4. cxd5 exd5 5. Bg5 c6 6. e3 h6 7. Bh4 Be7 8. Qc2 O-O 9. Bd3 Re8 10. Nge2 Nbd7 11. O-O Nh5 12. Bxe7 Qxe7 13. Rae1 g6 14. Ng3 Nxg3 15. hxg3 Nf6 16. Rb1 Ng4 17. Rbe1 Qg5 18. Be2 Bf5 19. Qb3 Re7 20. Bxg4 Qxg4 21. Qa3 Rae8 22. Rd1 Rd7 23. Qxa7 h5 24. e4 dxe4 25. d5 e3 26. fxe3 Qxg3 27. Rf3 Qg5 28. dxc6 Rxd1+ 29. Nxd1 Be4 30. Rf2 Bxc6 31. Qb6 Rd8 32. Nc3 Rd7 33. e4 h4 34. Kh1 h3 35. Re2 hxg2+ 36. Kg1 Qh4 37. Kxg2 Rd3 38. Kf1 Qh3+ 39. Kf2 Qf3+ 40. Kg1 Rxc3 41. Qd8+ Kg7 0-1

[Event "1st Uppsala Festival 2022"]
[Site "Uppsala"]
[Date "2022.08.09"]
[Round "2.2"]
[White "Trost, Edvin"]
[Black "Lindberg, Bengt"]
[Result "1-0"]
[ECO "E32"]
[WhiteElo "2345"]
[BlackElo "2370"]
[Annotator "RC"]
[PlyCount "133"]
[EventDate "2022.08.09"]
[EventType "tourn"]
[EventCountry "SWE"]
[SourceTitle "playchess.com"]
[Source "ChessBase"]
[SourceQuality "1"]
[TimeControl "5400+30"]

1. d4 Nf6 2. c4 e6 3. Nc3 Bb4 4. Qc2 b6 5. e4 c5 6. d5 Qe7 7. Nge2 exd5 8. exd5 d6 9. Bg5 Qe4 10. Qa4+ Nbd7 11. Qxb4 cxb4 12. Nxe4 Nxe4 13. Bf4 Ne5 14. Nd4 Nd7 15. Ne2 Ne5 16. Nd4 Bd7 17. f3 Nc5 18. Kd2 O-O 19. Re1 Rfe8 20. Re3 Rac8 21. Be2 Nb7 22. b3 Ng6 23. Rxe8+ Rxe8 24. Be3 a5 25. Ra1 Nc5 26. g3 Ne5 27. a3 bxa3 28. Rxa3 f5 29. Nc2 Rc8 30. Kc3 Kf8 31. Kd4 Ke8 32. b4 Na4 33. Bf4 Nf7 34. Rb3 axb4 35. Nxb4 Ra8 36. Ra3 Ra5 37. Nd3 Ra6 38. Nb4 Ra5 39. h4 Kd8 40. Na2 Nc5 41. Rxa5 Nb3+ 42. Kc3 Nxa5 43. Be3 Kc7 44. Bd4 g6 45. Nb4 Ne5 46. Na6+ Kb7 47. Bxe5 dxe5 48. c5 bxc5 49. Nxc5+ Kc7 50. Kb4 Nb7 51. Nxb7 Kxb7 52. Kc5 Kc7 53. d6+ Kd8 54. Kd5 e4 55. fxe4 fxe4 56. Kxe4 Ke8 57. Ke5 Ba4 58. Bg4 Bc2 59. Kf6 h6 60. Be6 Kd8 61. g4 Bd3 62. Kg7 h5 63. g5 Be4 64. Kf6 Bd3 65. Bf7 Kd7 66. Bxg6 Be2 67. Ke5 1-0

[Event "1st Uppsala Festival 2022"]
[Site "Uppsala"]
[Date "2022.08.09"]
[Round "2.3"]
[White "Peng, Li Min"]
[Black "Akesson, Ralf"]
[Result "1-0"]
[ECO "D31"]
[WhiteElo "2516"]
[BlackElo "2427"]
[Annotator "RC"]
[PlyCount "77"]
[EventDate "2022.08.09"]
[EventType "tourn"]
[EventCountry "SWE"]
[SourceTitle "playchess.com"]
[Source "ChessBase"]
[SourceQuality "1"]
[TimeControl "5400+30"]

1. c4 e6 2. Nc3 d5 3. d4 Be7 4. cxd5 exd5 5. Bf4 c6 6. e3 Bd6 7. Qf3 Nf6 8. Bd3 Bg4 9. Qg3 Bxf4 10. Qxf4 Nbd7 11. Nf3 Bh5 12. Nh4 Bg6 13. Nxg6 hxg6 14. h4 Qb8 15. Qf3 Qd6 16. g4 Rf8 17. O-O-O O-O-O 18. Kb1 Kb8 19. h5 gxh5 20. gxh5 Ne8 21. Ne2 Qh6 22. Rdg1 Nd6 23. Qg3 Rg8 24. Nf4 Nf6 25. Ng6 Ka8 26. Ne5 Nfe4 27. Qg2 f6 28. Ng4 Qh8 29. f3 Ng5 30. h6 Rgf8 31. Ne5 gxh6 32. Ng6 Qh7 33. f4 Ngf7 34. e4 dxe4 35. Nxf8 Rxf8 36. Bc2 Qf5 37. Qg7 Re8 38. Rg6 Re6 39. Qxf7 1-0

[Event "1st Uppsala Festival 2022"]
[Site "Uppsala"]
[Date "2022.08.09"]
[Round "2.4"]
[White "Larkin, Vladyslav"]
[Black "Sorensen, Hampus"]
[Result "1/2-1/2"]
[ECO "E51"]
[WhiteElo "2455"]
[BlackElo "2376"]
[Annotator "RC"]
[PlyCount "86"]
[EventDate "2022.08.09"]
[EventType "tourn"]
[EventCountry "SWE"]
[SourceTitle "playchess.com"]
[Source "ChessBase"]
[SourceQuality "1"]
[TimeControl "5400+30"]

1. d4 Nf6 2. c4 e6 3. Nc3 Bb4 4. e3 O-O 5. Bd2 d5 6. Nf3 b6 7. cxd5 exd5 8. Bd3 Ba6 9. Bxa6 Nxa6 10. O-O c6 11. Rc1 Qc8 12. Ne5 Qb7 13. f3 Bd6 14. Be1 Nd7 15. Bg3 Nf6 16. Be1 Nd7 17. Bg3 Nxe5 18. dxe5 Be7 19. a3 Nc7 20. Ne2 c5 21. f4 f6 22. exf6 Bxf6 23. f5 Bxb2 24. Rb1 Bf6 25. Bd6 Rfe8 26. Bxc5 Re4 27. Bd4 Ne8 28. Nf4 Bxd4 29. exd4 Nd6 30. Qh5 Qf7 31. f6 Qxh5 32. Nxh5 Rxd4 33. fxg7 Rh4 34. Nf4 Kxg7 35. Nxd5 Rf8 36. Rxf8 Kxf8 37. Rf1+ Nf7 38. Nf4 b5 39. g3 Rh6 40. Rc1 Ra6 41. Rc8+ Ke7 42. Rc7+ Kf6 43. Nh5+ Ke5 1/2-1/2

[Event "1st Uppsala Festival 2022"]
[Site "Uppsala"]
[Date "2022.08.09"]
[Round "2.5"]
[White "Johansson, Jan"]
[Black "Savitha Shri B"]
[Result "0-1"]
[ECO "D58"]
[WhiteElo "2306"]
[BlackElo "2278"]
[Annotator "RC"]
[PlyCount "86"]
[EventDate "2022.08.09"]
[EventType "tourn"]
[EventCountry "SWE"]
[SourceTitle "playchess.com"]
[Source "ChessBase"]
[SourceQuality "1"]
[TimeControl "5400+30"]

1. d4 d5 2. Nf3 Nf6 3. c4 e6 4. Nc3 Be7 5. Bg5 O-O 6. e3 h6 7. Bh4 b6 8. Bd3 Bb7 9. Bxf6 Bxf6 10. cxd5 exd5 11. Qb3 a6 12. O-O c6 13. Rad1 Nd7 14. e4 dxe4 15. Nxe4 Qc7 16. Nc3 Qd8 17. Ne4 Qc7 18. Bb1 Rac8 19. Qa3 Rcd8 20. Qd6 Qxd6 21. Nxd6 Ba8 22. Be4 g6 23. Nc4 Rfe8 24. Rfe1 b5 25. Na5 c5 26. Bxa8 Rxa8 27. dxc5 Rxe1+ 28. Nxe1 Nxc5 29. b3 Bc3 30. Nc6 Re8 31. Kf1 Re6 32. Nb8 Kf8 33. Nf3 Ke8 34. Rd5 Ne4 35. Nd7 Bb4 36. Rd4 Bc3 37. Rd5 Bb4 38. Rd4 Ng5 39. Nde5 Bc3 40. Rd5 Bxe5 41. Nxe5 Ne4 42. Nf3 Nc3 43. Rd2 b4 0-1

[Event "1st Uppsala Festival 2022"]
[Site "Uppsala"]
[Date "2022.08.09"]
[Round "3.1"]
[White "Stefansson, Vignir Vatnar"]
[Black "Johansson, Jan"]
[Result "1-0"]
[ECO "B07"]
[WhiteElo "2461"]
[BlackElo "2306"]
[Annotator "TA"]
[PlyCount "79"]
[EventDate "2022.08.09"]
[EventType "tourn"]
[EventCountry "SWE"]
[SourceTitle "playchess.com"]
[Source "ChessBase"]
[SourceQuality "1"]
[TimeControl "5400+30"]

1. e4 d6 2. d4 Nf6 3. Nc3 e5 4. Nge2 Nc6 5. h3 g6 6. d5 {[%emt 0:01:29] B07: Pirc Defence: Miscellaneous Systems.} Ne7 7. g4 {[%emt 0:00:05][%cal Bg2g4,Bg4g5][%mdl 32] [#]} Bg7 $146 ({Predecessor:} 7... Nd7 8. h4 h5 9. gxh5 Rxh5 10. Ng3 Rh8 11. h5 Nf6 12. Bg5 Neg8 13. Qf3 Be7 14. hxg6 Rxh1 15. gxf7+ Kxf7 16. Qxh1 {1-0 (51) Gorodetzky,D (2495)-Efimov,I (2416) Tornelo INT 2021}) 8. Ng3 {[%emt 0:01:19] White is slightly better.} c6 9. g5 Nfg8 10. h4 cxd5 11. exd5 h6 {[%emt 0:02:29] [#]} (11... h5 $1 $14) 12. h5 $1 $16 hxg5 13. Bxg5 {[%emt 0:03:40] Strongly threatening hxg6.} f6 {[%emt 0:04:24] [#]} (13... Qb6 $142) 14. Bd2 $1 {[%emt 0:05:45] White is more active.} g5 15. Bb5+ (15. Qe2 $16) 15... Kf8 $14 16. Qe2 Nh6 17. O-O-O $1 Nef5 18. Nxf5 $1 Nxf5 19. h6 (19. Qf1 $14) 19... Bxh6 (19... Rxh6 $11 20. Rxh6 Nxh6) 20. Bd3 Bd7 21. Qh5 ({Better is} 21. Ne4 $14) 21... Qe8 22. Qf3 {[%emt 0:01:34][%mdl 1024] White has compensation.} Qg6 23. Qg4 Rd8 24. Ne2 (24. Qb4 $16) 24... Ne7 25. Qb4 Bf5 26. Bxf5 Nxf5 27. Qxb7 Rh7 28. Qa6 Rhd7 29. Kb1 Kg7 (29... Bg7 $142) 30. Rdg1 $16 Ne7 {[%emt 0:04:29] This move loses the game for Black.} (30... Rc7 $16 {might work better.}) 31. f4 $18 Nxd5 (31... Nf5 $142 32. Rg4 Kg8) 32. Qc4 Nb6 33. Qb3 {[%emt 0:00:46] Black must now prevent Ng3. The board is on fire.} exf4 (33... Rh8 34. Be3 Rc7) 34. Nxf4 {[%emt 0:00:20][%mdl 64] Pin. White is clearly winning.} Qe4 35. Ne6+ Kg6 36. Nxd8 Rxd8 37. Qh3 Rh8 38. Qh5+ Kg7 {[%emt 0:00:04] [#]} 39. Rxg5+ $1 fxg5 40. Bc3+ {[%emt 0:00:04] Weighted Error Value: White=0.14 (very precise) /Black=0.25 (precise)} 1-0

[Event "1st Uppsala Festival 2022"]
[Site "Uppsala"]
[Date "2022.08.09"]
[Round "3.2"]
[White "Savitha Shri B"]
[Black "Larkin, Vladyslav"]
[Result "0-1"]
[ECO "B11"]
[WhiteElo "2278"]
[BlackElo "2455"]
[Annotator "TA"]
[PlyCount "118"]
[EventDate "2022.08.09"]
[EventType "tourn"]
[EventCountry "SWE"]
[SourceTitle "playchess.com"]
[Source "ChessBase"]
[SourceQuality "1"]
[TimeControl "5400+30"]

1. e4 c6 2. Nc3 d5 3. Qf3 dxe4 4. Nxe4 Nf6 5. Nxf6+ exf6 6. Qg3 {[%emt 0:04:05] [#] B11: Caro-Kann: Two Knights Variation.} g6 $146 ({Predecessor:} 6... Qd6 7. f4 Bf5 8. d3 Nd7 9. Bd2 O-O-O 10. O-O-O Rg8 11. Ne2 Nb6 12. Nc3 Nd5 13. Be2 Nxc3 14. Bxc3 {0-1 (56) Sergeev,A (1982)-Linna,A (1980) Raahe 2018}) 7. Bc4 Nd7 8. Ne2 {[%emt 0:12:38] The position is equal.} Nb6 9. Bb3 Qe7 10. d3 h5 11. Bd2 h4 12. Qf3 Bh6 (12... a5 $14) 13. Bxh6 $16 Rxh6 14. O-O-O Kf8 15. g4 (15. Rhe1 $16) 15... f5 16. gxf5 Qg5+ 17. Kb1 Qxf5 18. Qe3 Rh7 19. Rhe1 Bd7 20. Nc3 Re8 21. Qd4 {[%emt 0:00:43] Hoping for Rxe8+.} Rh5 22. Rxe8+ Bxe8 23. Re1 {[%emt 0:03:21] Against Qe5} Qd7 {[%emt 0:06:33] Inhibits Qd6+.} (23... Nc8 $142 24. Qb4+ Qc5) 24. Qf6 $18 Nc8 25. Ne4 {[%emt 0:00:53][%cal Oe4c5] [#] Intending Nc5! and mate.} Qf5 {[%emt 0:04:18] Inhibits Nc5.} 26. Qd8 (26. Qc3 $18 {Nf6 is the strong threat.} Qa5 27. Nf6) 26... Qa5 $40 {[%emt 0:00:08][%mdl 128] Black attacks.} 27. Qxa5 Rxa5 28. c4 Rf5 {[%emt 0:01:31] Inhibits Nf6.} (28... Re5 $5 29. Rf1 Bd7 $11) 29. Bd1 {[%emt 0:02:46] Black must now prevent Bg4.} Rf4 {[%emt 0:01:25] Against Bg4} 30. f3 b6 31. Kc2 c5 32. Kc3 Bc6 33. a3 Ne7 34. b4 Bxe4 35. dxe4 $17 {[%emt 0:02:53][%mdl 4096] Endgame KRB-KRN} Nc6 36. Re3 ({White should try} 36. h3) 36... Ke7 37. Kb3 (37. Kd2 $17 {was called for.}) 37... Rf6 38. Kc3 Ke6 39. Rd3 Nd4 40. Kd2 Ke5 41. Ke3 g5 42. h3 (42. Rd2 $142) 42... Rd6 $19 {[%emt 0:00:12] And now ...Ne6 would win.} 43. Rd2 (43. b5 $142) 43... Ne6 {[%emt 0:01:53] Threatens to win with ...Rxd2.} 44. Rd5+ Rxd5 45. cxd5 {[%emt 0:00:20] KB-KN} (45. exd5 $142 Nf4 46. bxc5) 45... Nf4 46. bxc5 bxc5 47. Bc2 Nxh3 48. Bb1 Nf4 {[%emt 0:00:08] ( -> ...h3)} 49. Kf2 f6 50. Ba2 f5 51. exf5 Nxd5 52. Bb1 Ne7 53. f4+ gxf4 {[%emt 0:00:09] Black mates.} 54. Kf3 h3 55. f6 Kxf6 56. Kxf4 h2 57. Be4 {[%emt 0:00:07] [#]} Nf5 $1 58. Bg2 c4 59. Ke4 c3 {[%emt 0:07:42] Never resign too early!  Weighted Error Value: White=0.64/Black=0.10 (very precise)} 0-1

[Event "1st Uppsala Festival 2022"]
[Site "Uppsala"]
[Date "2022.08.09"]
[Round "3.3"]
[White "Sorensen, Hampus"]
[Black "Peng, Li Min"]
[Result "1/2-1/2"]
[ECO "B48"]
[WhiteElo "2376"]
[BlackElo "2516"]
[Annotator "RC"]
[PlyCount "62"]
[EventDate "2022.08.09"]
[EventType "tourn"]
[EventCountry "SWE"]
[SourceTitle "playchess.com"]
[Source "ChessBase"]
[SourceQuality "1"]
[TimeControl "5400+30"]

1. e4 c5 2. Nf3 e6 3. d4 cxd4 4. Nxd4 a6 5. Nc3 Qc7 6. Be3 Nc6 7. Qf3 Nf6 8. O-O-O Ne5 9. Qg3 b5 10. Bxb5 axb5 11. Ndxb5 Qb8 12. Bf4 d6 13. Rxd6 Nh5 14. Qg5 Bxd6 15. Nxd6+ Qxd6 16. Bxe5 Ra5 17. Nd5 Qd7 18. Qxh5 exd5 19. Bxg7 Rg8 20. Qxh7 Rxg7 21. Qxg7 Rxa2 22. Kb1 Qa7 23. Qg8+ Ke7 24. Qg5+ Ke8 25. Qg8+ Ke7 26. Qg5+ Kf8 27. Qd8+ Kg7 28. Qg5+ Kf8 29. Qd8+ Kg7 30. Qg5+ Kf8 31. Qd8+ Kg7 1/2-1/2

[Event "1st Uppsala Festival 2022"]
[Site "Uppsala"]
[Date "2022.08.09"]
[Round "3.4"]
[White "Akesson, Ralf"]
[Black "Trost, Edvin"]
[Result "1/2-1/2"]
[ECO "D38"]
[WhiteElo "2427"]
[BlackElo "2345"]
[Annotator "TA"]
[PlyCount "70"]
[EventDate "2022.08.09"]
[EventType "tourn"]
[EventCountry "SWE"]
[SourceTitle "playchess.com"]
[Source "ChessBase"]
[SourceQuality "1"]
[TimeControl "5400+30"]

1. Nf3 d5 2. d4 Nf6 3. c4 e6 4. Nc3 Bb4 5. cxd5 exd5 6. Qa4+ Nc6 7. Bg5 h6 8. Bxf6 Qxf6 9. e3 O-O 10. Be2 Be6 11. O-O a6 12. Rfc1 Bd6 13. Qd1 Ne7 14. Na4 {[%emt 0:00:30] D38: Queen's Gambit Declined: Ragozin Defence (4 Nf3 Bb4).} c6 15. b4 {[%emt 0:00:30] [#]} Bg4 $146 ({Predecessor:} 15... Nf5 16. Rab1 Rae8 17. Nc5 Bc8 18. a4 g5 19. Nd3 g4 20. Nfe5 h5 21. b5 axb5 22. axb5 {0-1 (39) Greenfeld,A (2559)-Hracek,Z (2612) Eilat 2012}) 16. Nc5 {[%emt 0:00:30] The position is equal.} b6 17. Nd3 Bxf3 (17... a5 $5 ) 18. Bxf3 a5 19. a3 Qe6 20. b5 cxb5 21. Qb3 Qd7 22. Rcb1 b4 23. axb4 a4 24. Qd1 Rfc8 25. Be2 Rc7 26. g3 g6 27. Ra3 h5 28. Rba1 Rca7 29. Qf1 Rb8 30. Qd1 Rba8 31. Qf1 Rb8 32. Qd1 Rba8 33. Qf1 b5 (33... Rb8 $11) 34. Qe1 ({White must play} 34. Nc5 $16 Bxc5 35. Bxb5 (35. dxc5 Rb8 $14) 35... Bxb4 36. Bxd7 Bxa3 37. Rxa3 Rxd7 38. Qb5) 34... Nc6 ({Black should play} 34... Nc8 $11) 35. Nc5 $14 Qe7 $2 {Weighted Error Value: White=0.13 (very precise) /Black=0.16 (very precise)} (35... Bxc5 $11 36. dxc5 Ne5) 1/2-1/2

[Event "1st Uppsala Festival 2022"]
[Site "Uppsala"]
[Date "2022.08.09"]
[Round "3.5"]
[White "Lindberg, Bengt"]
[Black "Sriram, Jha"]
[Result "0-1"]
[ECO "C76"]
[WhiteElo "2370"]
[BlackElo "2361"]
[Annotator "TA"]
[PlyCount "86"]
[EventDate "2022.08.09"]
[EventType "tourn"]
[EventCountry "SWE"]
[SourceTitle "playchess.com"]
[Source "ChessBase"]
[SourceQuality "1"]
[TimeControl "5400+30"]

1. e4 e5 2. Nf3 Nc6 3. Bb5 g6 4. c3 a6 5. Ba4 d6 6. d4 Bd7 7. Bg5 {[%emt 0:01:37] C76: Ruy Lopez: Deferred Steinitz: 5 c3 Bd7 6 d4 g6.} f6 8. Be3 Bg7 $1 {[%emt 0:00:30][%mdl 4] is currently scoring better than 8...Nh6.} 9. c4 {[%emt 0:07:55] White is slightly better.} Nh6 10. d5 Ne7 11. Nc3 {[%emt 0:00:35] Against b5} O-O 12. h3 Nf7 13. Bxd7 Qxd7 {[%emt 1:24:01] [#]} 14. g4 $146 ({Predecessor:} 14. Qa4 Qd8 15. c5 f5 16. cxd6 cxd6 17. Qb4 b5 18. a4 a5 19. Qxb5 Rb8 20. Qe2 fxe4 {0-1 (91) Kosteniuk,A (2474)-Harshavardhan,G (2397) Chess.com INT 2021}) 14... f5 15. g5 (15. gxf5 $11 {keeps the balance.} gxf5 16. Qd3) 15... b5 $17 {[%emt 0:00:00] White is now going downhill.} 16. h4 bxc4 17. Qe2 (17. Qc2 $17 {was worth a try.}) 17... c6 $19 18. Qxc4 Rfc8 {[%emt 0:00:00] White must now prevent ...cxd5.} 19. Qd3 cxd5 20. Nxd5 Nxd5 21. Qxd5 Rab8 22. exf5 Qxf5 {[%emt 0:00:00] Threatens to win with ...Rb5.} 23. Nd2 Rxb2 24. h5 Rb5 ({Wrong is} 24... Qg4 $2 25. hxg6 hxg6 26. Kf1 $19) 25. Qg2 e4 26. Rd1 Nxg5 27. hxg6 Qxg6 (27... Nf3+ $142 28. Kf1 (28. Nxf3 $2 exf3 29. gxh7+ Kh8 $19) 28... hxg6) 28. Rg1 h6 {[%emt 0:00:00][%cal Bh7h6,Bh6h5][%mdl 32] And now ...Rf5 would win.} 29. Qg4 Rc7 (29... Rf5 $142 {...d5 is the strong threat.} 30. Rg2 d5) 30. Kf1 (30. Rg3 $142) 30... Re5 31. Rg3 Qf7 32. Nb3 {[%emt 0:01:26] [#]} Nf3 $1 {[%emt 0:00:00] Strongly threatening ...Nh2+.} 33. Kg2 {[%emt 0:01:26] Against Nh2} h5 34. Qh3 Qf6 35. Nd4 $2 {[%emt 0:01:48] [#]} (35. Nd2 {is more resistant.}) 35... Rd5 $1 36. Nxf3 exf3+ ({And not} 36... Rxd1 37. Ng5 Re7 38. Qxh5 $11) 37. Rxf3 Qg6+ 38. Rg3 Qe4+ 39. f3 Rc2+ 40. Bf2 Rxf2+ $1 {[%emt 0:00:16] Black mates.} 41. Kxf2 Qc2+ 42. Ke3 Re5+ 43. Kf4 Qc4+ {[%emt 0:00:10] Weighted Error Value: White=0.74/Black=0.24 (precise)} 0-1

[Event "1st Uppsala Festival 2022"]
[Site "Uppsala"]
[Date "2022.08.10"]
[Round "4.1"]
[White "Johansson, Jan"]
[Black "Lindberg, Bengt"]
[Result "0-1"]
[ECO "E12"]
[WhiteElo "2306"]
[BlackElo "2370"]
[Annotator "TA"]
[PlyCount "34"]
[EventDate "2022.08.09"]
[EventType "tourn"]
[EventCountry "SWE"]
[SourceTitle "playchess.com"]
[Source "ChessBase"]
[SourceQuality "1"]
[TimeControl "5400+30"]

1. d4 Nf6 2. Nf3 e6 3. c4 b6 4. Bg5 Bb7 5. e3 h6 6. Bh4 Be7 7. Nc3 O-O 8. Bd3 c5 9. O-O Nc6 {[%emt 0:00:50] E12: Queen's Indian: Unusual White 4th moves, 4 a3, 4 Nc3 Bb7 5 a3 and 4 Nc3 Bb7 .} 10. Rc1 cxd4 11. exd4 d5 {[%emt 0:00:26] The position is equal.} 12. Bxf6 Bxf6 13. cxd5 {[%emt 0:00:44] [#]} Nxd4 $146 ({Predecessor:} 13... exd5 14. Bb1 Re8 15. Qd3 g6 16. Rfe1 Qd6 17. h3 Rad8 18. Qd2 Kg7 19. Rcd1 Na5 20. Nb5 Qd7 21. Bd3 Nc4 {0-1 (38) Murali Krishnan,B (2412)-Short,N (2655) Nagpur 2008}) 14. Nxd4 Bxd4 {[%emt 0:00:04] A strong pair of Bishops.} 15. dxe6 fxe6 16. Qe2 $2 (16. Rc2 $11) 16... Qg5 $19 17. Be4 {[%emt 0:43:21] [#]} Rxf2 $1 {[%emt 1:16:00][%mdl 512] Weighted Error Value: White=0.87/Black=0.00 (flawless)} 0-1

[Event "1st Uppsala Festival 2022"]
[Site "Uppsala"]
[Date "2022.08.10"]
[Round "4.2"]
[White "Larkin, Vladyslav"]
[Black "Stefansson, Vignir Vatnar"]
[Result "1/2-1/2"]
[ECO "C07"]
[WhiteElo "2455"]
[BlackElo "2461"]
[Annotator "TA"]
[PlyCount "87"]
[EventDate "2022.08.09"]
[EventType "tourn"]
[EventCountry "SWE"]
[SourceTitle "playchess.com"]
[Source "ChessBase"]
[SourceQuality "1"]
[TimeControl "5400+30"]

1. e4 e6 2. d4 d5 3. Nd2 c5 4. Ngf3 cxd4 5. exd5 Qxd5 6. Bc4 Qd8 7. O-O Nc6 8. Nb3 a6 {[%emt 0:00:08] C07: French Tarrasch: 3...c5, 4 Ngf3 and 4 exd5 Qxd5.} 9. Nbxd4 Nxd4 10. Qxd4 Qxd4 11. Nxd4 Bd7 $1 {[%emt 0:00:40] The main line 11...Bd7 scores better than 11...Nf6.} 12. c3 {[%emt 0:00:54] [#]} Bc5 $146 ({Predecessor:} 12... O-O-O 13. Bf4 Bc5 14. Rad1 Ne7 15. Nb3 Bb6 16. Bd6 Rhe8 17. Rfe1 Bc6 18. Bc5 Bxc5 19. Nxc5 {½-½ (41) Zhao,C (2383)-Vaibhav,S (2599) Xingtai 2019}) 13. Nb3 Ba7 14. Re1 O-O-O 15. Be3 Bxe3 16. Rxe3 Ne7 17. Ree1 Bc6 {[%emt 0:01:17] The position is equal.} 18. Rad1 Rxd1 19. Rxd1 Ba4 20. Rd2 Bxb3 21. Bxb3 Rd8 22. Rxd8+ Kxd8 $11 {[%emt 0:00:05][%mdl 4096] Endgame KB-KN} 23. Kf1 g5 24. Ke2 Kc7 25. Kf3 h5 26. h4 gxh4 27. Kf4 Ng6+ 28. Kg5 {[%emt 0:01:16][%cal Ob3e6] [#] Threatens to win with Bxe6!} Ne5 29. Bd1 Nd3 30. Bxh5 f5 31. Kxh4 Nxb2 32. Kg5 Kd6 {[%emt 0:10:37] White should prevent ...Na4.} 33. f3 Nd1 34. g4 fxg4 35. fxg4 Nxc3 36. Kh6 Nd5 37. g5 {[%emt 0:00:25] Strongly threatening Bf3.} Ne7 38. Kg7 b5 39. Be2 e5 40. Kf7 e4 41. g6 e3 42. Kf6 Nd5+ 43. Kf7 Ne7 44. Kf6 {[%emt 0:06:38] An uneventful encounter.  Weighted Error Value: White=0.06 (flawless) /Black=0.03 (flawless)} 1/2-1/2